 Dungeon Sprint DCSS version 0.27-a0-1322-gfdffb62a71 (webtiles) character file.

Game seed: 16015697168007957939

4 rocky1 the Shield-Bearer (level 1, -8/19 HPs)
             Began as a Formicid Fighter on June 23, 2021.
             Splashed by a jelly's acid (9 damage)
             ... in the Dungeon (Sprint IX: "|||||||||||||||||||||||||||||").
             The game lasted 00:00:05 (23 turns).

rocky1 the Shield-Bearer (Formicid Fighter)           Turns: 23, Time: 00:00:07

Health: -8/19      AC: -5    Str: 20    XL:     1   Next: 77%
Magic:  1/1        EV:  8    Int:  7    God:
Gold:   0          SH:  9    Dex: 10    Spells: 0/0 levels left

rFire    . . .     SeeInvis +   a - +0 long sword
rCold    . . .     Faith    .   c - +0 kite shield
rNeg     . . .     Spirit   .   b - +0 scale mail
rPois    .         Reflect  .   (helmet unavailable)
rElec    .         Harm     .   (no cloak)
rCorr    .         Rampage  .   (no gloves)
Will     .....                  (no boots)
Stlth    ..........             (no amulet)
HPRegen  0.06/turn              (no ring)
MPRegen  0.07/turn              (no ring)

@: corroded
A: permanent stasis, dig shafts and tunnels, antennae 3, four strong arms
a: Dig


You were in the Dungeon.
You visited 1 branch

Inventory:

Hand Weapons
 a - a +0 long sword (weapon)
Armour
 b - a +0 scale mail (worn)
 c - a +0 kite shield (worn)
Potions
 d - a potion of might
 e - a potion of curing
 f - a potion of heal wounds
 g - 2 potions of magic


   Skills:
 + Level 3.7 Fighting
 + Level 2.5 Long Blades
 + Level 3.7 Armour
 + Level 4.2 Shields


You couldn't memorise any spells.
You didn't know any spells.
Your spell library was empty.

Dungeon Overview and Level Annotations

Branches:
Dungeon (1/1)

Altars:


Innate Abilities, Weirdness & Mutations

You cannot be hasted, slowed, berserked, paralysed or teleported.
You can dig through walls and to a lower floor.
You have a pair of large antennae on your head. (SInv)
Your four strong arms can wield two-handed weapons with a shield.


Message History

The ball python bites you but does no damage.
The ball python grabs you. The ball python constricts you.
Your Shields skill increases to level 4!
You slash the ball python!
You kill the ball python!
You block the giant cockroach's attack.
You hit the giant cockroach.
The giant cockroach is moderately wounded.
The giant cockroach bites you but does no damage.
You block the giant cockroach's attack.
You barely miss the giant cockroach.
The giant cockroach is moderately wounded.
The giant cockroach barely misses you.
You hit the giant cockroach.
You kill the giant cockroach!
The rat barely misses you.
You riposte.
You hit the rat.
The rat is moderately wounded.
You slash the rat!
You kill the rat!
You see here a rat corpse.
As you open the door, it creaks loudly!
An iguana, a jelly, a scorpion, an orc and a zombie come into view.
The iguana hisses angrily.
The orc shouts!
The jelly quivers.
You hit the jelly. The acid corrodes you!
Your hands burn!
The jelly is lightly wounded.
The jelly hits you. The acid corrodes you!
You are splashed with acid!
You block the jelly's attack.
You hit the jelly.
Your hands burn!
* * * LOW HITPOINT WARNING * * *
The jelly is moderately wounded.
The jelly barely misses you.
You riposte.
You hit the jelly.
The jelly is heavily wounded.
You hit the jelly. The acid corrodes you!
Your hands burn!
* * * LOW HITPOINT WARNING * * *
The jelly is heavily wounded.
You block the jelly's attack. The jelly hits you.
* * * LOW HITPOINT WARNING * * *
You are splashed with acid!
You die...

▓+▓
▓.▓
▓Z▓
▓l▓
▓o▓
▓s▓
▓J▓
▓@▓
▓.▓
▓.▓
▓.▓
▓†▓
▓'▓
▓.▓
▓.▓
▓.▓


You could see a scorpion, an iguana, a jelly, an orc and a giant cockroach
zombie.

Vanquished Creatures
  A giant cockroach (D)
  A hobgoblin (D)
  A ball python (D)
  2 rats (D)
5 creatures vanquished.

Notes
Turn   | Place    | Note
-------+----------+-------------------------------------------
     0 | D        | rocky1 the Formicid Fighter began the quest for the Orb.
     0 | D        | Reached XP level 1. HP: 18/18 MP: 1/1
    10 | D        | Reached skill level 4 in Shields
    20 | D        | Noticed an iguana
    20 | D        | Noticed a scorpion
    20 | D        | Noticed a jelly
    23 | D        | Splashed by a jelly's acid

Illustrated notes

Levels and vault maps discovered:
D:        linesprint [early_d, line_temple, items_1, d_10, items_2, lair_1,
          lair_end, items_3, orc_1, orc_end, items_4, d_15, swamp_1, shoals_1,
          snake_1, spider_1, d_20, vaults_1, items_5, swamp_end, shoals_end,
          snake_end, spider_end, vaults_end, d_27, items_6, zot_1, zot_end,
          crypt_end, forest_end, elf_end, slime_end, tomb_end, abyss_end,
          pan_hell_end]

Skill      XL: |  1 |
---------------+----+-----
Shields        | 4 |  4.2
Fighting       | |  3.7
Long Blades    | |  2.5
Armour         | |  3.7

Action                   || total
-------------------------++-------
Melee: Long sword        ||    13
Armor: Scale mail        ||     5
Dodge: Dodged            ||     3
Block: Kite shield       ||     6
       Rpst.: Long sword ||     2

Table legend: (Time is in decaauts)
 A = Elapsed time spent in this place.
 B = Non-inter-level travel time spent in this place.
 C = Inter-level travel time spent in this place.
 D = Time resting spent in this place.
 E = Time spent auto-exploring this place.
 F = Levels seen in this place.
 G = Mean time per level.
                   A        B        C        D        E       F      G
               +--------+--------+--------+--------+--------+-----+--------+
         Total |     28 |     28 |      0 |      0 |      0 |   1 |   28.0 |
       Dungeon |     28 |     28 |      0 |      0 |      0 |   1 |   28.0 |
               +--------+--------+--------+--------+--------+-----+--------+

Top non-repeatable levels by time:
       D: 28 daAuts
